 Dungeon Crawl Stone Soup version 0.31-a0-1074-g0b22e4e0f1 (webtiles) character file.

Game seed: 5014540748916192255

5 RockinRobin the Sneak (level 1, -1/15 HPs)
             Began as a Naga Enchanter on Dec 7, 2023.
             Slain by a hobgoblin (3 damage)
             ... on level 1 of the Dungeon.
             The game lasted 00:02:39 (161 turns).

RockinRobin the Sneak (Naga Enchanter)               Turns: 161, Time: 00:02:44

Health: -1/15      AC:  1    Str: 10    XL:     1   Next: 80%
Magic:  3/3        EV:  9    Int: 15    God:
Gold:   27         SH:  0    Dex: 11    Spells: 4/4 levels left

rFire   . . .        a - +1 dagger
rCold   . . .        (no shield)
rNeg    . . .        b - +0 robe
rPois   +            (no helmet)
rElec   .            (no cloak)
rCorr   .            (no gloves)
SInv    +            (no barding)
Will    .....        (no amulet)
Stlth   +++          (no ring)
HPRegen 0.22/turn    (no ring)
MPRegen 0.08/turn

%: no passive effects
@: invisible, very slow
A: AC +0, large, see invisible, deformed body, poison resistance, slowness 2,
spit poison 1, naga tail 1
a: Spit Poison


You were on level 1 of the Dungeon.
You visited 1 branch of the dungeon, and saw 1 of its levels.

You collected 27 gold pieces.

Inventory:

Hand Weapons
 a - a +1 dagger (weapon)
 d - a +0 dagger
 g - a +0 short sword
Armour
 b - a +0 robe (worn)
Talismans
 f - a dragon-blood talisman
Potions
 c - a potion of invisibility
 e - a potion of curing {unknown}


   Skills:
 + Level 1.0 Short Blades
 + Level 1.5 Dodging
 + Level 4.7 Stealth
 + Level 2.0 Spellcasting
 + Level 3.1 Hexes


You had 4 spell levels left.
You didn't know any spells.
Your spell library contained the following spells:

 Spells                   Type           Power      Damage    Failure   Level
 Ensorcelled Hibernation  Hex/Ice        12%        N/A       17%         2
 Confusing Touch          Hex            11%        N/A       19%         3
 Tukima's Dance           Hex            11%        N/A       19%         3
 Dazzling Flash           Conj/Hex       12%        N/A       34%         3


Dungeon Overview and Level Annotations

Branches:
Dungeon (1/15)

Altars:


Innate Abilities, Weirdness & Mutations

Your serpentine skin is tough. (AC +0)
You have supernaturally acute eyesight. (SInv)
Armour fits poorly on your strangely shaped body.
Your system is resistant to poisons. (rPois)
You cover ground very slowly.
You can spit poison.
You have a snake-like lower body.


Message History

You see here a +0 short sword.
g - a +0 short sword A frilled lizard comes into view.
You now have 27 gold pieces (gained 9).
The frilled lizard hisses angrily.
A frilled lizard comes into view.
You hit the frilled lizard.
You kill the frilled lizard!
The frilled lizard hisses angrily.
You hear a shout!
A hobgoblin comes into view.
You miss the frilled lizard. The frilled lizard closely misses you.
You hit the frilled lizard.
The frilled lizard is heavily wounded.
The frilled lizard bites you.
You hit the frilled lizard.
You kill the frilled lizard!
A bat comes into view.
You hit the hobgoblin.
The hobgoblin is moderately wounded.
The hobgoblin hits you.
You closely miss the hobgoblin.
The hobgoblin is lightly wounded.
The bat barely misses you. The hobgoblin hits you.
You hit the hobgoblin but do no damage.
The hobgoblin is lightly wounded.
The bat hits you but does no damage. The hobgoblin hits you.
You barely miss the hobgoblin.
The hobgoblin is lightly wounded.
The bat hits you. The hobgoblin hits you. The hobgoblin hits you.
* * * LOW HITPOINT WARNING * * *
The bat closely misses you. The bat hits you.
* * * LOW HITPOINT WARNING * * *
The hobgoblin attacks as it pursues you!
The hobgoblin barely misses you. The bat hits you but does no damage.
The hobgoblin barely misses you.
You fade into invisibility!
The bat barely misses you. The hobgoblin hits you.
You die...

....######.###.....##(#....
. ........................
......#.###..####.#.....
.............####.......
#######†###............#
##.###........†...#
##.....#............
##.........#.........
#...@b.....#........#
..###...g...........>....
#........................
.......†.................
....#..................†.
....#....................
.. #....................
.....>................
..#....................


You could see a hobgoblin (unable to see you) and a bat.

Vanquished Creatures
  A giant cockroach (D:1)
  A quokka (D:1)
  2 frilled lizards (D:1)
  A kobold (D:1)
  A rat (D:1)
6 creatures vanquished.

Notes
Turn   | Place    | Note
-------+----------+-------------------------------------------
     0 | D:1      | RockinRobin the Naga Enchanter began the quest for the Orb.
     0 | D:1      | Reached XP level 1. HP: 15/15 MP: 3/3
   161 | D:1      | Slain by a hobgoblin

Illustrated notes

Levels and vault maps discovered:
D:1:      zelgadis_glass_arrival_small, layout_rooms, basic_ecumenical_altar

Action                     || total
---------------------------++-------
  Melee: Dagger            ||    18
    Use: Potion            ||     1
   Stab: Sleeping          ||     1
 Armour: Robe              ||    16
  Dodge: Dodged            ||     8

Table legend: (Time is in decaauts)
 A = Elapsed time spent in this place.
 B = Non-inter-level travel time spent in this place.
 C = Inter-level travel time spent in this place.
 D = Time resting spent in this place.
 E = Time spent auto-exploring this place.
 F = Levels seen in this place.
 G = Mean time per level.
                   A        B        C        D        E       F      G
               +--------+--------+--------+--------+--------+-----+--------+
         Total |    213 |    213 |      0 |      0 |      0 |   1 |  213.0 |
       Dungeon |    213 |    213 |      0 |      0 |      0 |   1 |  213.0 |
               +--------+--------+--------+--------+--------+-----+--------+

Top non-repeatable levels by time:
     D:1: 213 daAuts
